Map: Dreamcatcher LE

Players

Aiur - Winner!

  • Race: Protoss Protoss
  • League: Diamond
  • Spawn Location: 11:00

Satchko

  • Race: Zerg Zerg
  • League: Diamond
  • Spawn Location: 5:00

VOD

Have the link to the VOD?

Description

Time

  • Played on: May 19, 2018, 2:54 p.m.
  • Length: 24:45
Show
View Real Time Build Order
Export as new Build Order

Aiur Protoss - Winner!

Build Orders: Cannon Rush 

Get SALT Encoding   

  12  0:03  Probe  
  13  0:15  Probe  
  14  0:27  Probe  
  15  0:28  Pylon  
  15  0:47  Probe, Forge  
  16  0:59  Probe  
  16  1:01  Pylon  
  17  1:11  Gateway, Probe  
  18  1:21  Photon Cannon  
  18  1:32  Photon Cannon  
  18  1:41  Photon Cannon  
  18  1:47  Photon Cannon  
  20  2:08  Zealot  
  20  2:11  Photon Cannon  
  20  2:15  Cybernetics Core  
  20  2:16  Probe  
  20  2:17  Assimilator  
  21  2:28  Pylon  
  21  2:29  Probe  
  22  2:35  Zealot  
  24  2:41  Probe  
  25  2:50  Assimilator  
  25  2:53  Probe  
  25  2:54  Pylon  
  26  3:05  Probe  
  27  3:07  Stalker  
  27  3:17  Probe  
  30  3:36  Stargate  
  30  3:55  Stalker  
  32  4:02  Nexus  
  32  4:04  Probe  
  33  4:13  Phoenix  
  33  4:21  Probe  
  36  4:29  Protoss Air Weapons Level 1  
  36  4:32  Assimilator  
  36  4:33  Probe  
  36  4:34  Assimilator  
  37  4:45  Probe  
  38  4:56  Probe  
  38  4:59  Void Ray  
  39  5:04  Probe  
  43  5:12  Probe  
  44  5:17  Probe  
  46  5:22  Stargate  
  46  5:24  Probe  
  46  5:25  Pylon  
  47  5:29  Probe  
  48  5:36  Probe  
  48  5:42  Probe  
  50  5:43  Void Ray  
  50  5:48  Probe  
  55  5:54  Probe  
  56  6:00  Probe  
  57  6:06  Probe  
  58  6:12  Probe  
  58  6:14  Fleet Beacon  
  58  6:18  Probe  
  60  6:24  Protoss Air Armor Level 1, Probe  
  61  6:30  Probe  
  62  6:36  Probe  
  63  6:42  Probe  
  64  6:49  Carrier  
  70  7:02  Phoenix  
  70  7:10  Pylon  
  70  7:14  Photon Cannon  
  70  7:16  Photon Cannon  
  70  7:20  Nexus  
  70  7:28  Pylon  
  69  7:31  Graviton Catapult  
  69  7:37  Phoenix  
  69  7:58  Photon Cannon  
  69  8:00  Photon Cannon  
  69  8:02  Phoenix, Probe x2  
  73  8:10  Protoss Shields Level 1  
  73  8:14  Probe x2  
  75  8:26  Carrier, Probe  
  78  8:28  Protoss Air Weapons Level 2  
  78  8:34  Probe  
  78  8:35  Probe  
  78  8:38  Probe  
  81  8:46  Stargate  
  81  8:47  Probe  
  77  9:00  Phoenix  
  78  9:03  Probe x3  
  78  9:06  Assimilator  
  78  9:08  Anion Pulse-Crystals  
  78  9:09  Assimilator  
  81  9:16  Probe x3  
  84  9:25  Phoenix  
  84  9:28  Probe  
  76  9:41  Phoenix  
  72  9:48  Photon Cannon  
  72  9:51  Phoenix, Photon Cannon  
  74  9:53  Stalker  
  74  9:55  Phoenix, Shield Battery  
  74  9:58  Shield Battery  
  78  10:01  Shield Battery  
  78  10:09  Pylon x2  
  65  10:26  Phoenix x3  
  65  10:33  Probe x3  
  62  10:45  Probe  
  63  10:51  Phoenix  
  63  10:52  Protoss Air Weapons Level 3  
  63  10:54  Void Ray x2  
  70  11:09  Pylon  
  70  11:10  Probe  
  70  11:11  Probe  
  72  11:18  Void Ray  
  75  11:23  Probe  
  76  11:49  Probe  
  76  11:50  Probe  
  78  11:58  Carrier  
  78  12:13  Carrier  
  83  12:22  Nexus  
  83  12:24  Assimilator  
  83  12:25  Assimilator  
  83  12:28  Probe x2  
  91  12:40  Probe x2  
  91  12:54  Probe x2  
  91  12:57  Carrier  
  97  13:06  Probe, Nexus  
  97  13:07  Probe  
  96  13:14  Carrier  
  96  13:18  Probe  
  96  13:19  Probe  
  96  13:31  Probe x2  
  96  13:33  Protoss Air Armor Level 2  
  100  13:57  Pylon  
  100  13:59  Pylon  
  100  14:00  Pylon  
  100  14:04  Carrier  
  100  14:13  Carrier  
  106  15:07  Probe x2  
  108  15:14  Nexus  
  108  15:19  Probe x2  
  108  15:20  Assimilator  
  110  15:24  Assimilator  
  110  15:29  Carrier  
  110  15:31  Probe x2  
  108  16:01  Pylon, Probe  
  109  16:15  Probe x2  
  89  16:44  Probe x2  
  90  16:56  Probe x2  
  90  16:59  Probe  
  93  17:02  Pylon  
  93  17:08  Probe x2  
  93  17:11  Probe  
  93  17:15  Pylon  
  96  17:20  Probe  
  97  17:30  Void Ray  
  101  17:37  Photon Cannon  
  101  17:39  Shield Battery  
  101  17:44  Shield Battery  
  101  17:54  Void Ray  
  105  18:10  Carrier  
  111  18:18  Photon Cannon  
  111  18:24  Shield Battery  
  111  18:39  Probe  
  111  18:40  Carrier  
  118  18:52  Void Ray  
  122  19:00  Protoss Air Armor Level 3  
  122  19:20  Nexus  
  122  19:25  Probe x3  
  125  19:37  Probe  
  126  19:39  Carrier  
  132  19:54  Pylon  
  132  19:55  Probe x3  
  135  20:07  Probe  
  136  20:18  Carrier  
  142  20:27  Shield Battery  
  142  20:30  Pylon  
  142  20:43  Probe x4  
  142  20:45  Assimilator  
  142  20:48  Assimilator  
  146  20:55  Probe  
  147  20:59  Stargate  
  147  21:02  Stargate  
  147  21:03  Twilight Council  
  147  21:09  Void Ray  
  151  21:23  Pylon  
  151  21:25  Void Ray  
  155  21:29  Photon Cannon  
  155  21:32  Protoss Shields Level 2, Photon Cannon  
  155  21:33  Shield Battery  
  155  21:43  Void Ray  
  155  21:45  Void Ray  
  163  22:10  Pylon  
  163  22:11  Pylon  
  155  22:18  Void Ray  
  155  22:19  Void Ray  
  157  22:38  Carrier  
  157  22:43  Carrier  
  169  22:48  Probe x3  
  169  22:49  Probe  
  173  23:07  Void Ray x2  
  189  23:35  Stargate  
  189  23:38  Stargate  
  189  23:43  Pylon x2  
  195  24:24  Pylon  
  195  24:32  Probe  
  195  24:33  Probe x2  
  195  24:38  Nexus  
  196  24:41  Assimilator  
  196  24:45  Assimilator  
Show
View Real Time Build Order
Export as new Build Order

Satchko Zerg 

Build Orders: Hatch First 

Get SALT Encoding   

  12  0:01  Drone  
  13  0:12  Overlord  
  13  0:18  Drone  
  14  0:31  Drone x2  
  14  0:35  Drone  
  17  0:55  Hatchery  
  17  0:56  Drone  
  17  1:00  Drone  
  17  1:03  Extractor  
  17  1:17  Spawning Pool  
  16  1:40  Drone  
  16  1:41  Drone x2  
  16  2:05  Drone x2  
  16  2:07  Extractor  
  18  2:08  Roach Warren  
  18  2:22  Drone  
  18  2:28  Queen  
  20  2:30  Drone  
  20  2:35  Hatchery  
  20  2:38  Drone  
  21  2:49  Drone  
  22  3:01  Hatchery  
  21  3:10  Lair  
  21  3:13  Drone  
  22  3:30  Overlord  
  22  3:37  Overlord  
  22  3:50  Overlord  
  22  3:51  Drone x4  
  26  3:59  Drone  
  26  4:01  Overlord  
  27  4:08  Queen  
  29  4:13  Drone x2  
  29  4:17  Drone  
  32  4:23  Drone x2  
  34  4:30  Queen  
  36  4:41  Spire  
  36  4:45  Drone x2  
  36  4:49  Drone, Extractor  
  36  4:51  Drone  
  38  4:54  Drone  
  39  5:04  Drone x2  
  39  5:05  Drone  
  42  5:08  Drone x2  
  42  5:13  Drone  
  45  5:19  Drone x2  
  45  5:20  Drone x2  
  49  5:22  Drone x2  
  49  5:27  Drone  
  49  5:28  Extractor x2  
  50  5:33  Overlord  
  50  5:47  Drone, Extractor  
  50  5:53  Overlord x2  
  50  5:55  Drone x3  
  50  5:56  Drone  
  50  5:57  Drone x2  
  56  5:59  Zerg Flyer Weapons Level 1  
  56  6:03  Drone x2  
  58  6:05  Overlord  
  58  6:06  Overlord  
  58  6:12  Drone  
  58  6:15  Drone  
  60  6:19  Queen  
  60  6:22  Spore Crawler  
  60  6:23  Drone x3  
  64  6:28  Drone x3  
  64  6:32  Mutalisk x2  
  71  6:51  Spore Crawler  
  71  6:52  Mutalisk x6  
  82  7:00  Mutalisk  
  82  7:01  Mutalisk x2  
  88  7:09  Mutalisk  
  88  7:13  Overlord x3  
  86  7:55  Mutalisk x5  
  86  7:56  Mutalisk x7  
  108  8:10  Mutalisk x2  
  108  8:11  Mutalisk  
  114  8:16  Overlord x4  
  96  8:36  Mutalisk x4  
  104  8:49  Hatchery  
  104  8:50  Mutalisk x2  
  104  8:51  Roach x2  
  104  8:52  Overlord  
  104  8:53  Overlord  
  104  8:54  Zergling x14  
  116  9:03  Corruptor x2  
  108  9:42  Roach x18  
  144  10:02  Queen  
  144  10:04  Roach x5  
  144  10:05  Roach  
  158  10:11  Metabolic Boost  
  158  10:18  Hatchery  
  137  10:31  Mutalisk x5, Roach x2  
  137  10:32  Roach  
  142  10:46  Mutalisk x4  
  148  11:03  Drone x3  
  151  11:10  Hydralisk Den  
  150  11:20  Drone  
  151  11:27  Drone x3  
  151  11:28  Drone x2  
  154  11:37  Drone x4  
  154  11:38  Drone  
  159  11:45  Overlord x3, Extractor x2  
  158  11:47  Drone  
  158  11:48  Drone, Queen  
  158  11:52  Hydralisk x2, Corruptor x2  
  158  11:53  Hydralisk, Corruptor  
  173  11:54  Overlord x2  
  173  11:57  Overlord  
  173  12:20  Drone x3  
  176  12:26  Hydralisk x3, Corruptor x3  
  176  12:27  Hydralisk x2, Corruptor x2  
  196  12:56  Drone  
  196  12:57  Drone, Glial Reconstitution  
  198  13:01  Infestation Pit  
  197  13:27  Drone x2  
  197  13:28  Drone  
  190  13:52  Muscular Augments  
  190  13:53  Hydralisk  
  190  13:54  Hydralisk x5  
  192  14:28  Corruptor x5  
  194  14:44  Hydralisk x4  
  194  14:45  Roach x5, Hydralisk  
  194  14:51  Mutalisk x3  
  194  14:52  Corruptor x10  
  186  14:53  Corruptor x2  
  180  15:00  Hydralisk x4, Corruptor x4  
  180  15:02  Hydralisk  
  180  15:03  Grooved Spines  
  170  15:09  Extractor  
  170  15:10  Extractor  
  160  15:23  Corruptor  
  160  15:24  Corruptor x3  
  160  15:27  Zergling x26  
  160  15:28  Zergling x4  
  139  15:47  Corruptor x5  
  139  15:48  Corruptor  
  141  15:53  Corruptor  
  141  15:54  Zergling x6  
  141  15:55  Zergling x24  
  156  16:07  Drone x4  
  160  16:16  Hydralisk x3, Corruptor x2  
  149  16:32  Hatchery  
  113  16:54  Corruptor x10  
  127  17:07  Corruptor  
  127  17:08  Corruptor x3  
  135  17:28  Drone x3  
  138  17:30  Hydralisk x3, Corruptor x2  
  138  17:31  Hydralisk  
  138  17:36  Extractor  
  149  17:38  Extractor  
  149  17:40  Zergling x4  
  149  17:41  Zergling x4  
  152  17:49  Corruptor x3  
  158  17:52  Drone x3  
  158  17:55  Drone  
  162  18:01  Drone  
  163  18:08  Drone  
  164  18:13  Hydralisk x3, Corruptor x4  
  164  18:14  Hydralisk  
  180  18:25  Spore Crawler  
  179  18:35  Drone  
  180  18:42  Overlord x3  
  180  18:52  Zerg Flyer Weapons Level 2  
  180  19:09  Hydralisk x11  
  184  19:12  Roach  
  200  19:31  Hive  
  200  19:36  Evolution Chamber  
  200  19:37  Evolution Chamber  
  198  19:47  Spore Crawler  
  198  19:48  Drone  
  198  19:55  Spine Crawler x2  
  162  20:19  Corruptor x9  
  162  20:20  Corruptor x13  
  152  20:54  Spire  
  151  20:57  Hatchery  
  151  21:03  Zerg Ground Armor Level 1, Zerg Missile Weapons Level 1  
  150  21:09  Hydralisk x7  
  164  21:31  Greater Spire  
  164  21:37  Hydralisk x3  
  164  21:38  Roach x6, Hydralisk  
  156  22:22  Corruptor x7  
Tags
 
Add a new tag
Caveats
  • Supply blocks, unpowered buildings, or Contaminate may cause inaccurate times.
  • Supply counts are checked every 10 seconds.